[Event "Titled Tuesday Blitz June 20 Early 2023"]
[White "Gomes, Luiz Alexandre de Souza"]
[Black "Idani, Pouya"]
[WhiteFideId "2102790"]
[BlackFideId "12510130"]
[WhiteElo "2415"]
[BlackElo "2574"]
[Result "0-1"]
[Round "4"]
[TimeControl "180+2"]
[Date "2023.06.20"]
[WhiteClock "0:00:09"]
[BlackClock "0:00:22"]
[Board "139"]

1. e4 c5 2. Nf3 d6 3. d4 cxd4 4. Nxd4 Nf6 5. Nc3 a6 6. Rg1 b5 7. a3 Bb7 8. Bd3 e5 9. Nb3 Be7 10. g4 d5 11. exd5 Nxd5 12. Nxd5 Bxd5 13. Be3 Nc6 14. Qd2 Bxb3 15. cxb3 Nd4 16. Bxd4 Qxd4 17. O-O-O O-O 18. Kb1 h6 19. Qe2 Qf4 20. Qe4 Qxe4 21. Bxe4 Rad8 22. h3 Bc5 23. Rxd8 Rxd8 24. Rg2 Rd2 25. Kc1 Re2 26. Bf3 Re1+ 27. Kd2 Rh1 28. Bb7 a5 29. f3 Rxh3 30. Kc3 Bd4+ 31. Kc2 g6 32. b4 axb4 33. axb4 Kg7 34. Bc6 h5 35. gxh5 Rxh5 36. Bxb5 f5 37. Bc6 Kf6 38. b5 Rh8 39. Kd3 Rd8 40. Kc4 Bb6 41. Bd5 Rh8 42. Rd2 Rh4+ 43. Kb3 Ba5 44. Rc2 Rb4+ 45. Ka3 Rxb5 46. Rc6+ Kg5 47. Bf7 Rb6 48. Rxb6 Bxb6 49. b4 e4 50. fxe4 fxe4 51. Kb3 e3 52. Kc2 Kf5 53. Kd3 g5 54. Bh5 g4 55. Ke2 Kf4 56. b5 Kg3 57. Be8 Kg2 58. Bc6+ Kg1 59. Bd5 g3 60. Bf3 g2 61. Be4 Kh2 62. Bxg2 Kxg2 63. Kd3 Kf3 0-1


[Site "https://www.chess.com"]

[Event "Titled Tuesday Blitz June 20 Early 2023"]
[White "Itkis, Boris"]
[Black "Korchmar, Vasiliy"]
[WhiteFideId "1209167"]
[BlackFideId "24131750"]
[WhiteElo "2219"]
[BlackElo "2370"]
[Result "1-0"]
[Round "4"]
[TimeControl "180+2"]
[Date "2023.06.20"]
[WhiteClock "0:00:23"]
[BlackClock "0:00:18"]
[Board "140"]

1. c4 c6 2. Nf3 d5 3. g3 g6 4. Bg2 Bg7 5. O-O e5 6. cxd5 cxd5 7. d4 e4 8. Ne1 Nc6 9. e3 Nge7 10. Nc3 O-O 11. f3 f5 12. fxe4 dxe4 13. g4 Be6 14. gxf5 gxf5 15. Kh1 Kh8 16. Rg1 Ng6 17. Qe2 Nh4 18. Qf2 f4 19. exf4 Nxg2 20. Nxg2 Nxd4 21. Be3 Nf3 22. Rgd1 Qe8 23. Nxe4 Qh5 24. Qg3 Bxb2 25. Rab1 Rg8 26. Ng5 Nxg5 27. fxg5 Bxa2 28. Nf4 Bxb1 29. Nxh5 Be4+ 30. Kg1 Raf8 31. Bd4+ Bxd4+ 32. Rxd4 Rf5 33. h4 h6 34. Rxe4 1-0


[Site "https://www.chess.com"]

[Event "Titled Tuesday Blitz June 20 Early 2023"]
[White "Buchenau, Frank"]
[Black "Jakubowski, Krzysztof"]
[WhiteFideId "4604350"]
[BlackFideId "1112848"]
[WhiteElo "2157"]
[BlackElo "2359"]
[Result "0-1"]
[Round "4"]
[TimeControl "180+2"]
[Date "2023.06.20"]
[WhiteClock "0:00:10"]
[BlackClock "0:00:26"]
[Board "141"]

1. e4 c6 2. Nf3 d5 3. Nc3 Bg4 4. d4 e6 5. h3 Bh5 6. Bd3 Nf6 7. e5 Nfd7 8. g4 Bg6 9. Bxg6 hxg6 10. Ne2 c5 11. c3 Nc6 12. Kf1 cxd4 13. cxd4 Rc8 14. Kg2 Qb6 15. Rb1 Be7 16. b4 a6 17. Bd2 Na7 18. a4 Rc4 19. Qb3 Qc7 20. Rbc1 b5 21. Nf4 Nc6 22. Rxc4 bxc4 23. Qb1 Qb6 24. Nxe6 fxe6 25. Qxg6+ Kd8 26. Qxe6 Nxb4 27. Ng5 Bxg5 28. Bxg5+ Kc8 29. Qxb6 Nxb6 30. a5 Na4 31. e6 Nc6 32. f4 Nc3 33. f5 Ne4 34. Be3 c3 35. h4 Ne7 36. h5 Kc7 37. h6 gxh6 38. Rxh6 Rxh6 39. Bxh6 c2 40. Kf3 Kd8 41. Bc1 Nc3 42. f6 Na2 43. fxe7+ Kxe7 44. Ba3+ Kxe6 45. Kf4 c1=Q+ 46. Bxc1 Nxc1 47. Kg5 Nb3 48. Kh6 Nxd4 49. g5 Nf5+ 0-1


[Site "https://www.chess.com"]

[Event "Titled Tuesday Blitz June 20 Early 2023"]
[White "FromTexas54"]
[Black "Mendez Fortes, Eduardo Jesus"]
[BlackFideId "3502376"]
[WhiteElo "2411"]
[BlackElo "2307"]
[Result "1-0"]
[Round "4"]
[TimeControl "180+2"]
[Date "2023.06.20"]
[WhiteClock "0:00:04"]
[BlackClock "0:00:08"]
[Board "142"]

1. d4 Nf6 2. c4 e6 3. Nf3 d5 4. Nc3 Bb4 5. cxd5 exd5 6. Bg5 h6 7. Bh4 O-O 8. e3 Bf5 9. Bd3 Bxd3 10. Qxd3 g5 11. Bg3 Ne4 12. O-O Bxc3 13. bxc3 h5 14. c4 Na6 15. cxd5 Qxd5 16. h4 Nxg3 17. fxg3 Rfe8 18. Nxg5 f5 19. Rxf5 Nb4 20. Qb1 Qc4 21. Rf7 Nc2 22. Qd1 Nxe3 23. Qxh5 Qc2 24. Rf2 Qd3 25. Qf7+ Kh8 26. Qf6+ Kg8 27. Qf7+ Kh8 28. Re1 Rf8 29. Qh5+ Kg8 30. Rxe3 Qb1+ 31. Kh2 Rxf2 32. Re7 Qc2 33. Qh6 Rxg2+ 34. Kh3 Rh2+ 35. Kg4 Qd1+ 36. Nf3 Rxh4+ 37. gxh4 Qg1+ 38. Nxg1 Rf8 39. Qg7# 1-0


[Site "https://www.chess.com"]

[Event "Titled Tuesday Blitz June 20 Early 2023"]
[White "Gatterer, Florian"]
[Black "Pastar, Slaven"]
[WhiteFideId "811688"]
[BlackFideId "14402718"]
[WhiteElo "2221"]
[BlackElo "2219"]
[Result "1-0"]
[Round "4"]
[TimeControl "180+2"]
[Date "2023.06.20"]
[WhiteClock "0:00:28"]
[BlackClock "0:00:00"]
[Board "143"]

1. c4 b6 2. Nf3 Bb7 3. g3 g6 4. Bg2 Bg7 5. O-O c5 6. Nc3 Nf6 7. b3 Ne4 8. Bb2 Nxc3 9. Bxc3 Bxc3 10. dxc3 O-O 11. Ne5 Bxg2 12. Kxg2 d6 13. Nd3 Nc6 14. f4 f5 15. h4 e5 16. e3 e4 17. Nf2 Qf6 18. Qd5+ Kg7 19. Qxc6 Qxc3 20. Rfe1 Rad8 21. Qd5 Qf6 22. Rad1 h6 23. g4 Qxh4 24. Rh1 Qe7 25. Rh2 Rh8 26. Rdh1 Rdf8 27. Rd1 Rd8 28. gxf5 gxf5 29. Qxf5 Rhf8 30. Qxe4 Qf6 31. Rh3 Rg8 32. Rdh1 Kf8+ 33. Kh2 Re8 34. Qf3 Qg6 35. Rg3 Qxg3+ 36. Qxg3 Rxg3 37. Kxg3 Rxe3+ 38. Kg4 Kg7 39. Kf5 Re2 40. Ng4 Rxa2 41. Rxh6 Rb2 42. Rxd6 Rxb3 43. Rd7+ Kf8 44. Rxa7 Rb4 45. Kf6 Ke8 46. Ke6 Kd8 47. Kd5 b5 48. cxb5 Rxf4 49. Ne5 Kc8 50. b6 Rb4 51. Kc6 Kd8 52. Rh7 1-0


[Site "https://www.chess.com"]

[Event "Titled Tuesday Blitz June 20 Early 2023"]
[White "Ai, Evan"]
[Black "Bodnaruk, Anastasia"]
[WhiteFideId "2094770"]
[BlackFideId "4181751"]
[WhiteElo "1963"]
[BlackElo "2304"]
[Result "0-1"]
[Round "4"]
[TimeControl "180+2"]
[Date "2023.06.20"]
[WhiteClock "0:00:06"]
[BlackClock "0:00:53"]
[Board "144"]

1. e4 c5 2. Nf3 d6 3. d4 cxd4 4. Nxd4 Nf6 5. Nc3 a6 6. h3 e5 7. Nf3 h6 8. g4 Qc7 9. Be3 Nbd7 10. a4 Nc5 11. Nd2 Bd7 12. f3 Be6 13. a5 Be7 14. b4 Nd3+ 15. Bxd3 Qxc3 16. Rb1 d5 17. Rb3 Qc8 18. exd5 Nxd5 19. Bc5 Bxc5 20. bxc5 Qxc5 21. Rxb7 Nc3 22. Qc1 Qe3+ 23. Kf1 Rd8 24. Qe1 Qf4 25. Bxa6 Rxd2 26. Rb8+ Ke7 27. Rxh8 Qxf3+ 0-1


[Site "https://www.chess.com"]

[Event "Titled Tuesday Blitz June 20 Early 2023"]
[White "Adla, Diego"]
[Black "Fiedorek, Michal"]
[WhiteFideId "100072"]
[BlackFideId "1199528"]
[WhiteElo "2377"]
[BlackElo "2135"]
[Result "1-0"]
[Round "4"]
[TimeControl "180+2"]
[Date "2023.06.20"]
[WhiteClock "0:02:12"]
[BlackClock "0:00:46"]
[Board "145"]

1. c4 Nf6 2. Nc3 g6 3. e4 d6 4. d4 Bg7 5. Nf3 O-O 6. Be2 e5 7. d5 a5 8. Bg5 h6 9. Be3 Ng4 10. Bd2 f5 11. h3 Nf6 12. exf5 gxf5 13. Qc1 Kh7 14. g4 Na6 15. g5 Ne4 16. Nxe4 fxe4 17. Nh2 hxg5 18. Bxg5 Bf6 19. h4 Nc5 20. Qe3 Bf5 21. O-O-O Nd3+ 22. Kb1 Nf4 23. Bg4 Qd7 24. Rdg1 Nh3 25. Qxh3 1-0


[Site "https://www.chess.com"]

[Event "Titled Tuesday Blitz June 20 Early 2023"]
[White "Zilleruelo Irizarry, Diego"]
[Black "Parpiev, Isaak"]
[WhiteFideId "3101460"]
[BlackFideId "34281576"]
[WhiteElo "2009"]
[BlackElo "2167"]
[Result "0-1"]
[Round "4"]
[TimeControl "180+2"]
[Date "2023.06.20"]
[WhiteClock "0:00:18"]
[BlackClock "0:01:50"]
[Board "146"]

1. e4 c6 2. d4 d5 3. exd5 cxd5 4. Bd3 Nc6 5. c3 Nf6 6. h3 g6 7. Nf3 Bg7 8. O-O O-O 9. Bf4 Bf5 10. Bxf5 gxf5 11. Ne5 e6 12. Nd2 Kh8 13. Nxc6 bxc6 14. b4 a5 15. a3 Ne4 16. Nxe4 fxe4 17. f3 f5 18. Be5 Bxe5 19. dxe5 axb4 20. cxb4 e3 21. Qd4 f4 22. Rfc1 Rc8 23. Rc5 Qg5 24. Rac1 Rg8 25. Qb2 Qg3 26. Kh1 d4 27. Rd1 d3 28. Rxd3 Qe1+ 29. Kh2 e2 0-1


[Site "https://www.chess.com"]

[Event "Titled Tuesday Blitz June 20 Early 2023"]
[White "Ramirez Vido, Robert Yorisan"]
[Black "Fonseca Manrique, Enrique"]
[WhiteFideId "3513823"]
[BlackFideId "5114330"]
[WhiteElo "2405"]
[BlackElo "2549"]
[Result "1-0"]
[Round "4"]
[TimeControl "180+2"]
[Date "2023.06.20"]
[WhiteClock "0:00:32"]
[BlackClock "0:00:11"]
[Board "147"]

1. Nf3 Nf6 2. g3 g6 3. Bg2 Bg7 4. O-O O-O 5. d4 c5 6. dxc5 Qa5 7. Be3 Ng4 8. Bd4 Nc6 9. Bxg7 Kxg7 10. Qd5 d6 11. Nd4 Nb4 12. Nb3 Nxd5 13. Nxa5 Nb4 14. Na3 dxc5 15. Nxb7 Rb8 16. Nxc5 Bf5 17. e4 Rfc8 18. Nb3 Be6 19. Nd4 Bd7 20. b3 e5 21. Nf3 Nxc2 22. Nxc2 Rxc2 23. h3 Nf6 24. Nxe5 Bb5 25. Rfc1 Rbc8 26. Nc4 Re2 27. Nd6 Rxc1+ 28. Rxc1 Ba6 29. Rc7 Rd2 30. Rxf7+ 1-0


[Site "https://www.chess.com"]

[Event "Titled Tuesday Blitz June 20 Early 2023"]
[White "Trifan, Andrei Ioan"]
[Black "Slavin, Alexey"]
[WhiteFideId "12967068"]
[BlackFideId "24104388"]
[WhiteElo "2208"]
[BlackElo "2264"]
[Result "1-0"]
[Round "4"]
[TimeControl "180+2"]
[Date "2023.06.20"]
[WhiteClock "0:01:51"]
[BlackClock "0:00:46"]
[Board "148"]

1. Nf3 Nc6 2. e4 d6 3. d4 Nf6 4. Nc3 Bg4 5. Be3 a6 6. Qd2 e5 7. O-O-O exd4 8. Bxd4 Nxd4 9. Qxd4 Be7 10. e5 dxe5 11. Qxe5 Qc8 12. Bc4 Kf8 13. Rhe1 Bd6 14. Rxd6 cxd6 15. Qxd6+ Kg8 16. Bb3 h6 17. Re7 Be6 18. Rxe6 Kh7 19. Qd3+ 1-0


[Site "https://www.chess.com"]

[Event "Titled Tuesday Blitz June 20 Early 2023"]
[White "Silva Lucena, Cristian"]
[Black "Pham, Khoi"]
[WhiteFideId "2232588"]
[BlackFideId "1054988"]
[WhiteElo "2223"]
[BlackElo "2542"]
[Result "0-1"]
[Round "4"]
[TimeControl "180+2"]
[Date "2023.06.20"]
[WhiteClock "0:00:47"]
[BlackClock "0:01:55"]
[Board "149"]

1. d4 f5 2. g4 fxg4 3. h3 d5 4. Nc3 Nf6 5. hxg4 Bxg4 6. Bg5 Nc6 7. Nh3 Qd7 8. Nf4 e6 9. Ng6 Rg8 10. Ne5 Qd6 11. f3 Bf5 12. Bf4 Nxe5 13. Bxe5 Qb6 14. Bxf6 gxf6 15. e4 dxe4 16. fxe4 Bg4 17. Qd2 O-O-O 18. d5 Bd6 19. Qf2 Qxb2 0-1


[Site "https://www.chess.com"]

[Event "Titled Tuesday Blitz June 20 Early 2023"]
[White "Novikova, Galina"]
[Black "Krutko, Anatoly"]
[WhiteFideId "4157095"]
[BlackFideId "4185862"]
[WhiteElo "1953"]
[BlackElo "2378"]
[Result "0-1"]
[Round "4"]
[TimeControl "180+2"]
[Date "2023.06.20"]
[WhiteClock "0:00:52"]
[BlackClock "0:00:42"]
[Board "150"]

1. e4 g6 2. d4 Bg7 3. Nc3 a6 4. Be3 b5 5. f3 Bb7 6. Qd2 d6 7. O-O-O Nd7 8. g4 h5 9. gxh5 Rxh5 10. Nge2 c5 11. Ng3 Rh8 12. Bg2 cxd4 13. Bxd4 Ngf6 14. Nd5 Bxd5 15. exd5 Ne5 16. Bxe5 dxe5 17. Kb1 Qd6 18. Ne4 Nxe4 19. fxe4 Rc8 20. h4 Bh6 21. Qe2 Bf4 22. Bf3 Kf8 23. h5 g5 24. Bg4 Rc7 25. Qd3 Kg7 26. Bf5 Rh6 27. Bg4 Qc5 28. Qe2 a5 29. Qd3 a4 30. Be2 b4 31. Qb5 Qxc2+ 32. Ka1 a3 33. Rb1 Bc1 34. Rhxc1 Qxc1 35. Qxb4 axb2+ 36. Qxb2 Qxb2+ 37. Rxb2 Rc1+ 38. Rb1 Rxb1+ 39. Kxb1 Rb6+ 40. Kc2 Rb4 41. Bd3 g4 42. a3 g3 43. Bf1 Rxe4 0-1


[Site "https://www.chess.com"]

[Event "Titled Tuesday Blitz June 20 Early 2023"]
[White "Guzman Moneo, Alberto"]
[Black "chess123456s"]
[WhiteFideId "2209616"]
[WhiteElo "2157"]
[BlackElo "2521"]
[Result "0-1"]
[Round "4"]
[TimeControl "180+2"]
[Date "2023.06.20"]
[WhiteClock "0:01:06"]
[BlackClock "0:01:02"]
[Board "151"]

1. e4 e5 2. d4 exd4 3. Qxd4 Nc6 4. Qe3 Nf6 5. Nc3 Bb4 6. Bd2 O-O 7. O-O-O Re8 8. Qg3 Nxe4 9. Nxe4 Rxe4 10. c3 Bf8 11. Bd3 Re8 12. f4 d5 13. Nf3 Qf6 14. Ng5 Bf5 15. h4 h6 16. h5 Bxd3 17. Qxd3 hxg5 18. fxg5 Ne5 19. Qc2 Qa6 20. a3 Qd3 21. Qb3 Qf5 22. Rhf1 Nd3+ 23. Kb1 Nc5+ 24. Ka2 Nxb3 25. Rxf5 Nxd2 26. Rxd2 c6 27. Rdf2 Re7 28. g4 g6 29. hxg6 fxg6 30. Rf6 Rg7 31. Re6 Be7 32. Rfe2 Bxg5 33. Re8+ Rxe8 34. Rxe8+ Kh7 35. Rb8 Bf4 36. Ra8 a6 37. Kb3 g5 38. Kb4 Re7 39. Ra7 Kg6 40. Ka5 Kf6 41. b4 Ke5 42. a4 Ke4 43. b5 axb5 44. axb5 b6+ 45. Ka6 Rxa7+ 46. Kxa7 cxb5 47. Kxb6 d4 48. cxd4 b4 49. d5 Kxd5 50. Kb7 b3 51. Kc8 b2 52. Kd7 b1=Q 53. Ke7 Qb6 54. Kf7 Ke5 55. Kg8 Qc7 56. Kf8 Kf6 0-1


[Site "https://www.chess.com"]

[Event "Titled Tuesday Blitz June 20 Early 2023"]
[White "Nikologorsky, Matfei"]
[Black "Mazarini41"]
[WhiteFideId "24102474"]
[WhiteElo "2153"]
[BlackElo "2516"]
[Result "1-0"]
[Round "4"]
[TimeControl "180+2"]
[Date "2023.06.20"]
[WhiteClock "0:00:20"]
[BlackClock "0:00:00"]
[Board "152"]

1. e4 e6 2. d4 d5 3. Nd2 c5 4. Ngf3 cxd4 5. Nxd4 Nf6 6. Bb5+ Bd7 7. exd5 Bxb5 8. Nxb5 Nxd5 9. c4 Nf6 10. O-O Nc6 11. Nf3 Bc5 12. Bg5 O-O 13. Nc3 Qxd1 14. Raxd1 Rfd8 15. Bxf6 gxf6 16. Ne4 Be7 17. g4 Nb4 18. Nc3 Nd3 19. b3 Bb4 20. Ne4 Kg7 21. h4 h5 22. g5 fxg5 23. hxg5 Be7 24. Kg2 Rd7 25. Kg3 Rad8 26. Rh1 Nf4 27. Rxd7 Ne2+ 28. Kg2 Rxd7 29. Ne5 Rd4 30. Kf3 Bb4 31. Nf6 Nc3 32. Nxh5+ Kf8 33. Nf6 1-0


[Site "https://www.chess.com"]

[Event "Titled Tuesday Blitz June 20 Early 2023"]
[White "Toropov, Pavel"]
[Black "Lopez Del Alamo, Antonio"]
[WhiteFideId "24129178"]
[BlackFideId "2227339"]
[WhiteElo "2182"]
[BlackElo "2175"]
[Result "1-0"]
[Round "4"]
[TimeControl "180+2"]
[Date "2023.06.20"]
[WhiteClock "0:00:22"]
[BlackClock "0:00:39"]
[Board "153"]

1. e4 c5 2. d4 cxd4 3. Nf3 e6 4. Nxd4 Nf6 5. Nc3 Nc6 6. Ndb5 d6 7. Bf4 e5 8. Bg5 a6 9. Na3 b5 10. Nd5 Be7 11. Bxf6 Bxf6 12. c3 O-O 13. Nc2 Bg5 14. a4 bxa4 15. Rxa4 a5 16. Bb5 Ne7 17. Bc4 Rb8 18. b3 Ng6 19. O-O Kh8 20. Nce3 Nf4 21. Nxf4 exf4 22. Nd5 f5 23. Re1 fxe4 24. Rxe4 f3 25. g3 Bf5 26. Re1 Bg6 27. b4 axb4 28. cxb4 h6 29. b5 Qd7 30. Qd4 Rf4 31. Nxf4 Bxf4 32. Qxf4 d5 1-0


[Site "https://www.chess.com"]

[Event "Titled Tuesday Blitz June 20 Early 2023"]
[White "Dixit, Nikhil"]
[Black "Abduzhaparov"]
[WhiteFideId "5059534"]
[WhiteElo "2207"]
[BlackElo "2385"]
[Result "1/2-1/2"]
[Round "4"]
[TimeControl "180+2"]
[Date "2023.06.20"]
[WhiteClock "0:00:24"]
[BlackClock "0:00:20"]
[Board "154"]

1. e4 d6 2. d4 Nf6 3. Nc3 e5 4. dxe5 dxe5 5. Qxd8+ Kxd8 6. Bc4 Ke8 7. f3 a6 8. Bg5 Nbd7 9. Nge2 h6 10. Bh4 g5 11. Bf2 Bc5 12. Bxc5 Nxc5 13. Nd5 Nxd5 14. Bxd5 c6 15. Bb3 b5 16. Kf2 a5 17. a3 Ke7 18. Ke3 Nxb3 19. cxb3 Be6 20. b4 axb4 21. axb4 Rhd8 22. Rhc1 Bc4 23. Rxa8 Rxa8 24. Ng3 Ra2 25. Nf5+ Kf6 26. b3 Ra3 27. Rc3 h5 28. Nd6 Rxb3 29. Rxb3 Bxb3 30. Nb7 Ke7 31. Na5 Ba2 32. Nxc6+ Kd6 33. Na5 Kc7 34. g3 f6 35. Kf2 Be6 36. h4 gxh4 37. gxh4 Ba2 38. Ke3 Be6 39. f4 Bf7 40. fxe5 fxe5 41. Kf3 Be6 42. Ke3 Bf7 43. Kd3 Be6 44. Ke3 Bf7 1/2-1/2


[Site "https://www.chess.com"]

[Event "Titled Tuesday Blitz June 20 Early 2023"]
[White "Gu, Xiaobing"]
[Black "Droin, Augustin"]
[WhiteFideId "8602611"]
[BlackFideId "45105987"]
[WhiteElo "2174"]
[BlackElo "2333"]
[Result "0-1"]
[Round "4"]
[TimeControl "180+2"]
[Date "2023.06.20"]
[WhiteClock "0:00:10"]
[BlackClock "0:00:29"]
[Board "155"]

1. e4 e5 2. Nf3 Nc6 3. Bc4 Nf6 4. d4 exd4 5. e5 d5 6. Bb5 Nd7 7. O-O Be7 8. Re1 O-O 9. Bxc6 bxc6 10. Nxd4 Nb8 11. Qh5 c5 12. Nf5 Bxf5 13. Qxf5 Nc6 14. c3 Kh8 15. Nd2 Qc8 16. Qh5 Qe6 17. Nf3 d4 18. Bf4 Rab8 19. Re2 d3 20. Rd2 c4 21. Re1 a5 22. h4 a4 23. Ng5 Bxg5 24. hxg5 a3 25. bxa3 Ne7 26. Re4 Rb1+ 27. Kh2 Qf5 28. Rxc4 Ng6 29. Bg3 Nxe5 30. Rf4 Qd7 31. Rh4 Qf5 32. Bxe5 Qxe5+ 33. f4 Qf5 34. g4 Qe4 35. Rg2 Qxf4+ 36. Rg3 Rb2+ 37. Kh3 Qf1+ 0-1


[Site "https://www.chess.com"]

[Event "Titled Tuesday Blitz June 20 Early 2023"]
[White "Turzo, Attila"]
[Black "Topalov, Aleksandar"]
[WhiteFideId "704954"]
[BlackFideId "925659"]
[WhiteElo "2510"]
[BlackElo "2151"]
[Result "1-0"]
[Round "4"]
[TimeControl "180+2"]
[Date "2023.06.20"]
[WhiteClock "0:00:44"]
[BlackClock "0:00:12"]
[Board "156"]

1. d4 Nf6 2. c4 c5 3. d5 d6 4. g3 g6 5. Bg2 Bg7 6. Nf3 O-O 7. O-O Na6 8. Nc3 Nc7 9. a4 b6 10. e4 Bg4 11. h3 Bxf3 12. Bxf3 a6 13. Be2 Nd7 14. Qc2 Rb8 15. Kg2 e6 16. Bf4 Ne5 17. Rad1 exd5 18. Nxd5 Ne6 19. Be3 Nc6 20. Bd3 Ned4 21. Qd2 Ne7 22. Bg5 f6 23. Bh6 Nxd5 24. cxd5 Bxh6 25. Qxh6 Qd7 26. Qd2 Qxa4 27. Ra1 Qb3 28. Rxa6 Rf7 29. Rfa1 Re8 30. R1a3 Qb4 31. Qxb4 cxb4 32. R3a4 Nb3 33. Rxb4 Nc5 34. Ra3 1-0


[Site "https://www.chess.com"]

[Event "Titled Tuesday Blitz June 20 Early 2023"]
[White "Melikhov, Evgeny V."]
[Black "Camilla_Lee"]
[WhiteFideId "4122046"]
[WhiteElo "2158"]
[BlackElo "2510"]
[Result "0-1"]
[Round "4"]
[TimeControl "180+2"]
[Date "2023.06.20"]
[WhiteClock "0:00:15"]
[BlackClock "0:00:05"]
[Board "157"]

1. d4 Nf6 2. c4 g6 3. Nc3 d5 4. Nf3 Bg7 5. e3 c5 6. Be2 cxd4 7. exd4 Nc6 8. O-O O-O 9. Re1 dxc4 10. Bxc4 Bg4 11. d5 Na5 12. Be2 Rc8 13. Bg5 h6 14. Be3 Nc4 15. Qb3 Nxe3 16. fxe3 Qc7 17. h3 Bf5 18. Nd4 Bxh3 19. Bf3 Bg4 20. Nce2 Bxf3 21. Nxf3 Qc2 22. Qxb7 Rb8 23. Qxa7 Nxd5 24. Rad1 e6 25. Rd2 Qe4 26. Ng3 Qg4 27. a3 Bxb2 28. Rb1 Be5 29. Nxe5 Rxb1+ 30. Kh2 Qh4# 0-1


[Site "https://www.chess.com"]

[Event "Titled Tuesday Blitz June 20 Early 2023"]
[White "Ritvin, Stanislav"]
[Black "Tokhirjonova, Gulrukhbegim"]
[WhiteFideId "2011751"]
[BlackFideId "14203626"]
[WhiteElo "2374"]
[BlackElo "2265"]
[Result "1-0"]
[Round "4"]
[TimeControl "180+2"]
[Date "2023.06.20"]
[WhiteClock "0:00:20"]
[BlackClock "0:00:18"]
[Board "158"]

1. d4 Nf6 2. c4 e6 3. Nf3 c5 4. d5 exd5 5. cxd5 Bd6 6. Nc3 a6 7. a4 O-O 8. Bg5 h6 9. Bh4 Re8 10. e3 Bf8 11. Bd3 d6 12. h3 Nbd7 13. Bg3 Ne5 14. Nxe5 dxe5 15. e4 Bd7 16. O-O Rc8 17. Bc4 Qb6 18. Qe2 Bd6 19. a5 Qc7 20. Qc2 Nh5 21. Bh2 Qd8 22. Qb3 Rb8 23. Nd1 Qg5 24. Kh1 Nf4 25. Qg3 Qh5 26. Ne3 f5 27. exf5 Bxf5 28. Nxf5 Qxf5 29. Qg4 Qf6 30. b3 e4 31. Rae1 Rbd8 32. Bxf4 Bxf4 33. g3 Bd6 34. Rxe4 Kh8 35. Kg2 Qc3 36. Qg6 Rxe4 37. Qxe4 Qxa5 38. Bd3 Kg8 39. Qh7+ Kf8 40. Bf5 Re8 41. Qh8+ Kf7 42. Be6+ Rxe6 43. dxe6+ Kf6 44. Qg8 Qc7 45. Re1 Qe7 46. Re3 Kg6 47. h4 h5 48. Rf3 b5 49. Qf7+ Qxf7 50. Rxf7 Bf8 51. Rxf8 1-0


[Site "https://www.chess.com"]

[Event "Titled Tuesday Blitz June 20 Early 2023"]
[White "Devaev, Alexander"]
[Black "Kotepalli, Sai Nirupama"]
[WhiteFideId "4169395"]
[BlackFideId "5039444"]
[WhiteElo "2172"]
[BlackElo "2370"]
[Result "0-1"]
[Round "4"]
[TimeControl "180+2"]
[Date "2023.06.20"]
[WhiteClock "0:00:29"]
[BlackClock "0:00:15"]
[Board "159"]

1. Nf3 d5 2. c4 c6 3. e3 Bf5 4. b3 e6 5. Bb2 Nf6 6. Be2 Nbd7 7. O-O Bd6 8. Nd4 Bg6 9. f4 h6 10. f5 exf5 11. Nxf5 Bxf5 12. Rxf5 O-O 13. Qf1 Qe7 14. cxd5 cxd5 15. Nc3 Be5 16. Bd3 d4 17. Nb5 dxe3 18. Ba3 Qd8 19. Bxf8 Bxa1 20. Bb4 Be5 21. dxe3 Qb6 22. Bd2 a6 23. Na3 Qd6 24. Nc4 Bxh2+ 25. Kh1 Qc7 26. Ba5 b6 27. Bd2 b5 28. Nb2 Be5 29. Nd1 Nc5 30. Bb1 Nce4 31. Be1 Bg3 32. Bxg3 Nxg3+ 0-1


[Site "https://www.chess.com"]

[Event "Titled Tuesday Blitz June 20 Early 2023"]
[White "Dwilewicz, Katarzyna"]
[Black "angelgab3"]
[WhiteFideId "1148486"]
[WhiteElo "2098"]
[BlackElo "2507"]
[Result "0-1"]
[Round "4"]
[TimeControl "180+2"]
[Date "2023.06.20"]
[WhiteClock "0:00:01"]
[BlackClock "0:01:06"]
[Board "160"]

1. e4 e5 2. Nf3 Nc6 3. Bc4 Bc5 4. c3 Nf6 5. d3 d6 6. Nbd2 a5 7. a4 Ba7 8. Bb3 O-O 9. O-O Ne7 10. h3 Ng6 11. Re1 h6 12. Nf1 Be6 13. Ng3 Re8 14. Be3 Bxe3 15. fxe3 d5 16. exd5 Bxd5 17. Bc2 e4 18. dxe4 Nxe4 19. Nxe4 Bxe4 20. Bxe4 Rxe4 21. Qxd8+ Rxd8 22. Kf2 Nf8 23. Nd4 Nd7 24. Rad1 Nc5 25. b3 Re7 26. Kf3 Red7 27. g3 Nxb3 28. Ke2 Nc5 29. Ra1 c6 30. Reb1 Re8 31. Rb6 Ne4 32. Kd3 Nxg3 33. Rg1 Nf5 34. e4 Nd6 35. Rg4 Red8 36. e5 Nf5 37. Rb1 c5 38. Rbg1 cxd4 39. cxd4 Rxd4+ 0-1


[Site "https://www.chess.com"]

[Event "Titled Tuesday Blitz June 20 Early 2023"]
[White "arenal72"]
[Black "Horak, Martin"]
[BlackFideId "367095"]
[WhiteElo "2366"]
[BlackElo "2091"]
[Result "0-1"]
[Round "4"]
[TimeControl "180+2"]
[Date "2023.06.20"]
[WhiteClock "0:00:49"]
[BlackClock "0:00:04"]
[Board "161"]

1. c4 Nf6 2. Nc3 c5 3. Nf3 g6 4. g3 Bg7 5. Bg2 O-O 6. O-O Nc6 7. d4 cxd4 8. Nxd4 d6 9. Nxc6 bxc6 10. Bxc6 Bh3 11. Bg2 Bxg2 12. Kxg2 Qc7 13. b3 d5 14. Bb2 dxc4 15. Rc1 Qb7+ 16. Kg1 cxb3 17. axb3 Rab8 18. Na4 Rfd8 19. Qc2 Qxb3 20. Qxb3 Rxb3 21. Bxf6 Bxf6 22. Rc7 Ra8 23. Rfc1 h5 24. h4 Ra3 25. Nc5 a5 26. Ne4 Ra2 27. e3 Bb2 28. Rd1 Ra1 29. Rxa1 Bxa1 30. Rc2 a4 31. Kf1 a3 32. Ra2 Bb2 33. Ke2 Rc8 34. Nd2 Rc1 35. Kd3 Ra1 36. Rxa1 Bxa1 37. Kc2 a2 38. Kb3 Bc3 39. Kxa2 Bxd2 40. Kb3 Be1 0-1


[Site "https://www.chess.com"]

[Event "Titled Tuesday Blitz June 20 Early 2023"]
[White "Spichkin, Alexander"]
[Black "Kochiev, Ivan"]
[WhiteFideId "4144074"]
[BlackFideId "2917890"]
[WhiteElo "1986"]
[BlackElo "2287"]
[Result "0-1"]
[Round "4"]
[TimeControl "180+2"]
[Date "2023.06.20"]
[WhiteClock "0:00:35"]
[BlackClock "0:00:03"]
[Board "162"]

1. f4 e5 2. e4 d5 3. exd5 e4 4. Nc3 Nf6 5. d3 Bb4 6. Bd2 Bxc3 7. Bxc3 Qxd5 8. Qe2 O-O 9. Bxf6 gxf6 10. dxe4 Qa5+ 11. Qd2 Qa4 12. Bd3 f5 13. e5 f6 14. Nf3 fxe5 15. Nxe5 Nc6 16. Nxc6 Qxc6 17. O-O-O Be6 18. a3 Rad8 19. Rhe1 Bf7 20. Re5 Bc4 21. Bxc4+ Qxc4 22. Qxd8 Rxd8 23. Rxd8+ Kg7 24. g3 Qf1+ 25. Rd1 Qf2 26. Re7+ Kg6 27. Rxc7 Qb6 28. Rcd7 Qe3+ 29. Kb1 h6 30. R1d6+ Kh5 31. Rh7 Qe1+ 32. Ka2 Qe2 33. Rhxh6+ Kg4 34. Rhg6+ Kh3 35. Rh6+ Kg2 36. Rd3 Qxc2 37. Rc3 Qe4 38. Rd6 a5 39. h4 Qe7 40. Rd2+ Kh3 41. h5 Qf7+ 42. Kb1 Qxh5 43. Rcc2 Kg4 44. Rc3 Qf7 45. Rd6 Qe7 46. Rg6+ Kh3 47. g4+ Kh4 48. gxf5 Qe4+ 49. Ka2 Qxf5 50. Rh6+ Kg4 51. Rhh3 Qxf4 52. Rhd3 Qf7+ 53. Kb1 b5 54. Rd4+ Kg5 55. Rc5+ Kg6 56. Rg4+ Kh6 57. Rh4+ Kg6 58. Rhh5 Qf1+ 59. Ka2 a4 60. Rhg5+ Kf6 61. Rxb5 Qc4+ 62. Kb1 Ke6 63. Rge5+ Kd6 64. Red5+ Ke6 65. Re5+ Kf6 66. Re1 Qd3+ 67. Ka1 Qxb5 68. Rc1 Ke5 69. Rc3 Kd4 70. Ka2 Qd5+ 71. Kb1 Qg2 72. Rc2 Qe4 73. Kc1 Qe1# 0-1


[Site "https://www.chess.com"]